 Dungeon Crawl Stone Soup version 0.26.0-10-g1f06aea511 (webtiles) character file.

Game seed: 4301838209313567963

604 Borgoz the Slasher (level 7, -2/55 HPs)
             Began as a Ghoul Gladiator on Jan 30, 2021.
             Was an Initiate of Ashenzari.
             Slain by a gnoll
             ... wielding a +0 flail
              (8 damage)
             ... on level 5 of the Dungeon.
             The game lasted 00:04:18 (3264 turns).

Borgoz the Slasher (Ghoul Gladiator)                Turns: 3264, Time: 00:04:19

Health: -2/55      AC: 12    Str: 18    XL:     7   Next: 42%
Magic:  6/6        EV: 14    Int:  3    God:    Ashenzari [......]
Gold:   269        SH:  0    Dex: 18    Spells: 6/6 levels left

rFire    . . .     SeeInvis .   i - +0 short sword (elec)
rCold    + . .     Faith    +   (no shield)
rNeg     + + +     Spirit   .   b - +0 leather armour
rPois    ∞         Reflect  .   c - +1 helmet
rElec    .         Harm     .   g - +1 cloak
rCorr    .         Rampage  .   j - +2 pair of gloves
Will     +....                  q - +0 pair of boots
Stlth    +.........             r - amulet of faith
HPRegen  0.00/turn              x - +6 ring of dexterity
MPRegen  0.10/turn              w - ring of willpower

@: no status effects
A: claws 1, cold resistance 1, negative energy resistance 3, inhibited
regeneration, torment resistance, unbreathing
a: Renounce Religion, Curse Item


You were on level 5 of the Dungeon.
You worshipped Ashenzari.
Ashenzari was noncommittal.
You visited 2 branches of the dungeon, and saw 6 of its levels.

You collected 269 gold pieces.

Inventory:

Hand Weapons
 a - a +0 long sword
 i - a +0 short sword of electrocution (weapon)
Missiles
 d - 2 throwing nets (quivered)
Armour
 b - a +0 leather armour (worn)
 c - a +1 helmet (worn)
 g - a +1 cloak (worn)
 j - a +2 pair of gloves (worn)
 q - a +0 pair of boots (worn)
Jewellery
 r - an amulet of faith (around neck)
 w - a ring of willpower (right hand)
 x - a +6 ring of dexterity (left hand)
 z - an uncursed ring of ice
 B - an uncursed ring of ice
Wands
 o - a wand of disintegration (6)
Scrolls
 h - 3 scrolls of enchant armour
 k - 5 scrolls of teleportation
 l - a scroll of enchant weapon {unknown}
 m - 3 scrolls of fog
 n - a scroll of fear {unknown}
 u - 2 scrolls of amnesia {unknown}
 v - a scroll of remove curse
 y - a scroll of immolation {unknown}
 A - a scroll of silence {unknown}
Potions
 e - 2 potions of lignification {unknown}
 f - a potion of brilliance
 p - 4 potions of curing {unknown}
 s - a potion of invisibility {unknown}
 t - a potion of magic {unknown}
 C - a potion of haste {unknown}
 D - a potion of attraction {unknown}


   Skills:
 - Level 2.2 Fighting
 * Level 5.7 Long Blades
 - Level 1.7 Throwing
 + Level 3.2 Armour
 + Level 4.3 Dodging


You had 6 spell levels left.
You didn't know any spells.
Your spell library was empty.

Dungeon Overview and Level Annotations

Branches:
Dungeon (5/15)             Temple (1/1) D:5

Altars:
Ashenzari
Cheibriados
Dithmenos
Elyvilon
Hepliaklqana
Kikubaaqudgha
Makhleb
Nemelex Xobeh
Okawaru
Sif Muna
Trog
Uskayaw
Vehumet
Wu Jian
Xom
Zin
The Shining One


Innate Abilities, Weirdness & Mutations

You thrive by killing the living.
You are immune to poison.
You have sharp fingernails.
Your flesh is cold resistant. (rC+)
You are immune to negative energy. (rN+++)
You do not regenerate when monsters are visible.
You are immune to unholy pain and torment.
You can survive without breathing.


Message History

You hit the gnoll.
The gnoll is lightly wounded.
You hit the gnoll.
The gnoll is moderately wounded.
The gnoll struggles against the net.
You hit the gnoll but do no damage.
The gnoll is moderately wounded.
The gnoll struggles against the net.
You hit the gnoll.
The gnoll is moderately wounded.
The gnoll struggles against the net.
The net rips apart, and the gnoll comes free!
You hit the gnoll.
The gnoll is heavily wounded.
The gnoll hits you with a +0 flail!
* * * LOW HITPOINT WARNING * * *
You hit the gnoll but do no damage. Lightning courses through the gnoll!
The gnoll is almost dead.
The gnoll hits you with a +0 flail!
You die...

#..## ##.###.#
#..# ##.#
#..####.##
#.###..# #..#
##..##.##
##.....# #...
#.....# #...###
###. #.....##
###### ##
##.####.###...#
##..# ##......#
##..##
##...###.#
#..## #g@..#
##.## #.###.#
##..# #.# #.#
##.### #.# .#
###.## #.. #
##..## #..
#..## #. ..##
.##


You could see a gnoll.

Vanquished Creatures
  An ice beast (D:5)
  2 ogres (D:5)
  A centaur zombie (D:5)
  Ijyb (D:4)
  An orc wizard (D:5)
  A worker ant (D:5)
  Robin (D:2)
  5 gnolls (D:5)
  7 adders
  A white imp (D:5)
  An ufetubus (D:5)
  2 oozes
  2 dart slugs
  2 leopard geckos
  10 orcs
  2 giant cockroaches
  16 goblins
  3 hobgoblins
  6 jackals
  2 quokkas (D:4)
  3 bats
  4 frilled lizards
  3 kobolds
  A quokka skeleton (D:4)
  6 rats
84 creatures vanquished.

Vanquished Creatures (others)
  4 toadstools (D:1)
4 creatures vanquished.

Grand Total: 88 creatures vanquished

Notes
Turn   | Place    | Note
-------+----------+-------------------------------------------
     0 | D:1      | Borgoz the Ghoul Gladiator began the quest for the Orb.
     0 | D:1      | Reached XP level 1. HP: 17/17 MP: 0/0
   216 | D:1      | Reached XP level 2. HP: 20/24 MP: 1/1
   221 | D:1      | Reached skill level 3 in Long Blades
   869 | D:2      | Reached XP level 3. HP: 29/29 MP: 2/2
   910 | D:2      | Reached skill level 1 in Armour
   991 | D:2      | Found a sparkling altar of Nemelex Xobeh.
  1117 | D:2      | Noticed Robin
  1135 | D:2      | Killed Robin
  1136 | D:2      | Reached XP level 4. HP: 33/36 MP: 3/3
  1247 | D:2      | Found a burning altar of Makhleb.
  1699 | D:3      | Found a shadowy altar of Dithmenos.
  1699 | D:3      | Found a faded altar of an unknown god.
  1704 | D:3      | Found a hazy altar of Hepliaklqana.
  1706 | D:3      | Found an iron altar of Okawaru.
  1708 | D:3      | Found an ancient bone altar of Kikubaaqudgha.
  1910 | D:3      | Reached skill level 4 in Long Blades
  1930 | D:3      | Found a glowing golden altar of the Shining One.
  1994 | D:4      | Reached XP level 5. HP: 41/41 MP: 4/4
  2085 | D:4      | Found a shimmering altar of Xom.
  2259 | D:4      | Noticed Ijyb
  2266 | D:4      | Killed Ijyb
  2688 | D:5      | Entered Level 5 of the Dungeon
  2701 | D:5      | Noticed a +0 hand axe
  2701 | D:5      | Noticed a +0 hand axe
  2701 | D:5      | Noticed an ogre
  2711 | D:5      | Killed an ogre
  2712 | D:5      | Reached XP level 6. HP: 44/48 MP: 5/5
  2712 | D:5      | Found a hide-covered altar of Uskayaw.
  2776 | D:5      | Found a staircase to the Ecumenical Temple.
  2791 | D:5      | Reached skill level 5 in Long Blades
  2809 | Temple   | Entered the Ecumenical Temple
  2985 | Temple   | Became a worshipper of Ashenzari the Shackled
  3046 | D:5      | Reached XP level 7. HP: 53/55 MP: 6/6
  3264 | D:5      | Slain by a gnoll

Illustrated notes

Levels and vault maps discovered:
D:1:      ldierk_walled_garden_2, layout_basic
D:2:      layout_basic, old_standard_altar, nemelex_dance_club_becter,
          uniq_robin
D:3:      layout_loops_ring, tso_altar, chequers_temple_overflow_minitemple,
          bh_walls_and_bars
D:4:      kennysheep_goblin_castle, layout_rooms, xom_teletrap_fun,
          minivault_19, grunt_decor_junction
D:5:      layout_layer_cave, kennysheep_mini, dancing_weapons_uskayaw,
          minmay_temple_entry_mist, minmay_lizard_king
Temple:   compressed_dpeg_triangle_lava_temple

Skill      XL: |  1  2  3  4  5  6  7 |
---------------+----------------------+-----
Long Blades    | 3 4 5 |  5.7
Armour         | 1 2 3 |  3.2
Dodging        | 3 4 |  4.3
Fighting       | |  2.2
Throwing       | |  1.7

Action                   |  1- 3 |  4- 6 |  7- 9 || total
-------------------------+-------+-------+-------++-------
Melee: Long sword        |    22 |       |       ||    22
       Short sword       |    93 |   129 |    33 ||   255
Throw: Throwing net      |       |     1 |     2 ||     3
  Use: Scroll            |     5 |     3 |       ||     8
 Stab: Sleeping          |     1 |     5 |       ||     6
       Distracted        |       |     1 |       ||     1
Armor: Leather armour    |    50 |    56 |    11 ||   117
Dodge: Dodged            |    89 |    92 |    20 ||   201
       Rpst.: Long sword |     5 |       |       ||     5
